 Dungeon Crawl Stone Soup version 0.30-a0-458-g86641cc369 (webtiles) character file.

Game seed: 13848880250157737341

84 polve the Ruffian (level 4, -7/44 HPs)
             Began as a Troll Fighter on Dec 14, 2022.
             Mangled by Crazy Yiuf
             ... wielding a +4 quarterstaff of chaos
              (9 damage)
             ... on level 2 of the Dungeon.
             The game lasted 00:03:11 (1743 turns).

polve the Ruffian (Troll Fighter)                   Turns: 1743, Time: 00:03:11

Health: -7/44      AC:  4    Str: 24    XL:     4   Next: 24%
Magic:  3/3        EV:  8    Int:  6    God:
Gold:   104        SH:  7    Dex:  9    Spells: 3/3 levels left

rFire   . . .      SeeInvis .      - Unarmed
rCold   . . .      Faith    .    b - +0 kite shield
rNeg    . . .      Spirit   .    a - +0 robe
rPois   .          Reflect  .    (helmet restricted)
rElec   .          Harm     .    (no cloak)
rCorr   .          Rampage  .    (gloves unavailable)
Will    .....                    (boots unavailable)
Stlth   +.........               (no amulet)
HPRegen 1.07/turn                (no ring)
MPRegen 0.08/turn                (no ring)

@: lethally poisoned (-7 -> -8), slowed, very slow
A: large, unfitting armour, claws 3, regeneration 1, shaggy fur 1, tough skin 1
a: no special abilities


You were on level 2 of the Dungeon.
You visited 1 branch of the dungeon, and saw 2 of its levels.

You collected 104 gold pieces.

Inventory:

Missiles
 d - 25 stones (quivered)
Armour
 a - a +0 robe (worn)
 b - a +0 kite shield (worn)
 j - a +0 cloak
Jewellery
 q - an amulet of faith
Scrolls
 e - 7 scrolls of magic mapping {unknown}
 f - a scroll of torment {unknown}
 g - a scroll of poison {unknown}
 i - 2 scrolls of teleportation {unknown}
 k - 2 scrolls of enchant armour {unknown}
 l - a scroll of noise {unknown}
 o - 3 scrolls of immolation {unknown}
 p - 3 scrolls of identify {unknown}
Potions
 c - a potion of might
 h - a potion of curing {unknown}
 m - 2 potions of mutation {unknown}
 n - a potion of magic {unknown}


   Skills:
 + Level 2.9 Fighting
 - Level 2.4 Dodging
 + Level 3.3 Shields
 * Level 3.5 Unarmed Combat


You had 3 spell levels left.
You didn't know any spells.
Your spell library was empty.

Dungeon Overview and Level Annotations

Branches:
Dungeon (2/15)

Altars:

Annotations:
D:2 Crazy Yiuf


Innate Abilities, Weirdness & Mutations

You are too large for most types of armour.
You have claws for hands.
Your natural rate of healing is unusually fast.
You are covered in fur. (AC +1)
You have tough skin. (AC +1)


Message History

No reachable target in view!
No reachable target in view!
No reachable target in view!
No reachable target in view!
No reachable target in view!
No reachable target in view!
No reachable target in view!
No reachable target in view!
No reachable target in view!
No reachable target in view!
No reachable target in view!
You open the door.
You don't know any spells.
You closely miss Crazy Yiuf. Crazy Yiuf closely misses you.
You barely miss Crazy Yiuf.
Crazy Yiuf hits you with a +4 quarterstaff of chaos!
You feel yourself slow down.
You scratch Crazy Yiuf.
Crazy Yiuf is lightly wounded.
Crazy Yiuf barely misses you.
You scratch Crazy Yiuf.
Crazy Yiuf is moderately wounded.
You block Crazy Yiuf's attack. x2
You scratch Crazy Yiuf.
Crazy Yiuf is moderately wounded.
Crazy Yiuf hits you with a +4 quarterstaff of chaos!
You are poisoned.
Crazy Yiuf hits you with a +4 quarterstaff of chaos.
Space warps horribly around you!!
* * * LOW HITPOINT WARNING * * *
You scratch Crazy Yiuf.
Crazy Yiuf is heavily wounded.
* * * LOW HITPOINT WARNING * * *
You feel very sick.
Crazy Yiuf grits, "Whippet Hive rumpyflump!"
You block Crazy Yiuf's attack.
* * * LOW HITPOINT WARNING * * *
You feel very sick.
Crazy Yiuf hits you with a +4 quarterstaff of chaos!
You die...

#.#.##.........##.......
#......#'#......#.#.####
###############.#.#.....
#.######## #.'....... ###
♣♣##.#####... #)..#♣♣
♣♣.#...# #...
#...'g♣♣♣♣......####...
#...#♣@.♣............#. ###
♣♣♣.♣..#..#####.#. ♣♣♣♣♣##.#
#.#. #.#####'##
################.........
#.#..<....'......#.......
#.######.##......#.).....
#.....##..'......#.......
#####.######.##.....##.......


You could see Crazy Yiuf.

Vanquished Creatures
  Jessica (D:2)
  2 dart slugs
  3 bats (D:1)
  3 endoplasms
  2 giant cockroaches
  8 goblins
  4 hobgoblins
  3 jackals (D:2)
  6 kobolds (D:1)
  2 quokkas
  5 ball pythons
  4 frilled lizards
  6 rats
49 creatures vanquished.

Vanquished Creatures (others)
  2 plants (D:1)
2 creatures vanquished.

Grand Total: 51 creatures vanquished

Notes
Turn   | Place    | Note
-------+----------+-------------------------------------------
     0 | D:1      | polve the Troll Fighter began the quest for the Orb.
     0 | D:1      | Reached XP level 1. HP: 22/22 MP: 0/0
   121 | D:1      | Reached XP level 2. HP: 29/29 MP: 1/1
   381 | D:1      | Reached XP level 3. HP: 36/36 MP: 2/2
  1129 | D:2      | Noticed Jessica
  1133 | D:2      | Killed Jessica
  1134 | D:2      | Reached XP level 4. HP: 37/44 MP: 3/3
  1731 | D:2      | Found a runed translucent door.
  1732 | D:2      | Noticed Crazy Yiuf
  1743 | D:2      | HP: 2/44 [poisoned by Crazy Yiuf]
  1743 | D:2      | Mangled by Crazy Yiuf

Illustrated notes

Levels and vault maps discovered:
D:1:      wander_arrival_fairy_ring, layout_basic,
          nicolae_concentric_dashed_squares_wild, minmay_misc_feat_pillars,
          st_stairs_9
D:2:      layout_basic, amethyst_killhole, minivault_14,
          uniq_crazy_yiuf_cottage, uniq_jessica

Skill      XL: |  1  2  3 |
---------------+----------+-----
Shields        | 3 |  3.3
Unarmed Combat | 3 |  3.5
Fighting       | |  2.9
Dodging        | |  2.4

Action                   |  1- 3 |  4- 6 || total
-------------------------+-------+-------++-------
Melee: Unarmed           |   101 |    28 ||   129
 Stab: Sleeping          |     1 |       ||     1
Armor: Robe              |    39 |     8 ||    47
Dodge: Dodged            |    32 |     9 ||    41
Block: Kite shield       |    25 |    11 ||    36

Table legend: (Time is in decaauts)
 A = Elapsed time spent in this place.
 B = Non-inter-level travel time spent in this place.
 C = Inter-level travel time spent in this place.
 D = Time resting spent in this place.
 E = Time spent auto-exploring this place.
 F = Levels seen in this place.
 G = Mean time per level.
                   A        B        C        D        E       F      G
               +--------+--------+--------+--------+--------+-----+--------+
         Total |   1755 |   1744 |     11 |      0 |   1462 |   2 |  877.5 |
       Dungeon |   1755 |   1744 |     11 |      0 |   1462 |   2 |  877.5 |
               +--------+--------+--------+--------+--------+-----+--------+

Top non-repeatable levels by time:
     D:2: 958 daAuts
     D:1: 797 daAuts
